 Dungeon Crawl Stone Soup version 0.31-a0-889-g1a8549509d (webtiles) character file.

Game seed: 2575190191186620741

892 Maratek the Skirmisher (level 8, -8/63 HPs)
             Began as a Gnoll Hunter on Oct 16, 2023.
             Succumbed to a water moccasin's poison
             ... on level 5 of the Dungeon.
             The game lasted 00:06:49 (3654 turns).

Maratek the Skirmisher (Gnoll Hunter)               Turns: 3654, Time: 00:06:50

Health: -8/63      AC:  3    Str: 11    XL:     8   Next: 6%
Magic:  12/12      EV: 19    Int:  9    God:
Gold:   276        SH:  0    Dex: 17    Spells: 13/13 levels left

rFire   . . .        a - +0 shortbow (heavy)
rCold   . . .        (shield currently unavailable)
rNeg    . . .        c - +0 leather armour
rPois   .            (no helmet)
rElec   .            (no cloak)
rCorr   .            (no gloves)
SInv    .            (no boots)
Will    .....        (no amulet)
Stlth   ++           e - +5 ring of evasion
HPRegen 0.30/turn    (no ring)
MPRegen 0.13/turn

%: no passive effects
@: lethally poisoned (-8 -> -36)
A: fangs 1, strong nose, distributed training
a: no special abilities


You were on level 5 of the Dungeon.
You visited 1 branch of the dungeon, and saw 5 of its levels.

You collected 276 gold pieces.

Inventory:

Hand Weapons
 a - a +0 heavy shortbow (weapon)
Armour
 c - a +0 leather armour (worn)
Jewellery
 d - an amulet of faith
 e - a +5 ring of evasion (left hand)
 i - a ring of willpower
 j - an amulet of the acrobat
 p - a ring of wizardry
Scrolls
 b - a scroll of butterflies
 l - a scroll of fog {unknown}
Potions
 f - 2 potions of heal wounds {unknown}
 g - 3 potions of curing {unknown}
 h - a potion of degeneration {unknown}
 k - a potion of cancellation {unknown}
 n - 2 potions of lignification {unknown}
 q - a potion of resistance {unknown}


   Skills:
 + Level 5.5 Fighting
 + Level 3.0 Short Blades
 + Level 3.0 Long Blades
 + Level 3.0 Axes
 + Level 3.0 Maces & Flails
 + Level 3.0 Polearms
 + Level 3.0 Staves
 + Level 9.1 Ranged Weapons
 + Level 3.0 Throwing
 + Level 3.0 Armour
 + Level 5.5 Dodging
 + Level 3.8 Stealth
 + Level 3.0 Shields
 + Level 3.0 Unarmed Combat
 + Level 3.0 Spellcasting
 + Level 2.4 Conjurations
 + Level 2.4 Hexes
 + Level 2.4 Summonings
 + Level 2.4 Necromancy
 + Level 2.4 Translocations
 + Level 2.4 Transmutations
 + Level 2.4 Fire Magic
 + Level 2.4 Ice Magic
 + Level 2.4 Air Magic
 + Level 2.4 Earth Magic
 + Level 2.4 Poison Magic
 + Level 3.2 Invocations
 + Level 3.0 Evocations
 + Level 2.6 Shapeshifting


You had 13 spell levels left.
You didn't know any spells.
Your spell library contained the following spells:

 Spells                   Type           Power      Damage    Failure   Level
 Lesser Beckoning         Tloc           10%        N/A       22%         2
 Gell's Gravitas          Tloc           5%         N/A       41%         3
 Teleport Other           Tloc           5%         N/A       41%         3
 Tukima's Dance           Hex            5%         N/A       41%         3
 Passage of Golubria      Tloc           5%         N/A       82%         4
 Yara's Violent Unravell  Hex/Tmut       2%         3d3       99%         5


Dungeon Overview and Level Annotations

Branches:
Dungeon (5/15)
 Temple: D:4-7

Altars:

Shops:
D:4 *


Innate Abilities, Weirdness & Mutations

You have very sharp teeth.
Your uncanny sense of smell can sniff out nearby items.
Your experience applies equally to all skills.


Message History

Aim: a water moccasin (51% to hit)
You shoot an arrow. The arrow hits the water moccasin!
The water moccasin is heavily wounded.
You feel very sick. The water moccasin misses you.
The water moccasin bites you.
Fire: a) +0 shortbow (heavy)
Press: ? - help, Q - select action Shift-Dir - straight line, f/p - water moccasin
Aim: a water moccasin (heavily wounded, 51% to hit)
You shoot an arrow. The arrow hits the water moccasin.
The water moccasin is severely wounded.
You feel very sick. The water moccasin barely misses you.
The water moccasin closely misses you.
Fire: a) +0 shortbow (heavy)
Press: ? - help, Q - select action Shift-Dir - straight line, f/p - water moccasin
Aim: a water moccasin (severely wounded, 51% to hit)
You shoot an arrow.
The arrow closely misses the water moccasin.
You feel very sick. The water moccasin bites you.
* * * LOW HITPOINT WARNING * * *
You are lethally poisoned!
The water moccasin poisons you! The water moccasin misses you.
Fire: a) +0 shortbow (heavy)
Press: ? - help, Q - select action Shift-Dir - straight line, f/p - water moccasin
Aim: a water moccasin (severely wounded, 51% to hit)
You shoot an arrow. The arrow hits the water moccasin!
The water moccasin is almost dead.
* * * LOW HITPOINT WARNING * * *
You feel very sick. The water moccasin bites you.
* * * LOW HITPOINT WARNING * * *
You are more poisoned.
The water moccasin poisons you!
The water moccasin completely misses you.
Fire: a) +0 shortbow (heavy)
Press: ? - help, Q - select action Shift-Dir - straight line, f/p - water moccasin
Aim: a water moccasin (almost dead, 51% to hit)
You shoot an arrow. The arrow hits the water moccasin!!
You kill the water moccasin!
You die...

###..# #.#
#..#########.#
#..#...).....####
#...............#
#...############.#
...### ########)#
.#. .........# .##
#######..# #@.#
#...)))†.#
#.####)).# .#.#.
.##.##. #. ..# .#
# .#. # . #


There were no monsters in sight!

Vanquished Creatures
  A water moccasin (D:5)
  2 ogres
  A phantom (D:4)
  A bullfrog (D:5)
  A scorpion (D:5)
  2 hounds
  2 jellies
  An orc priest (D:5)
  A sleepcap (D:5)
  A gnoll bouda (D:5)
  An iguana (D:5)
  2 orc wizards
  4 gnolls (D:5)
  9 adders
  A worm (D:4)
  19 orcs
  6 ball pythons
  4 bats
  6 endoplasms
  5 giant cockroaches
  12 goblins
  7 hobgoblins
  7 jackals
  4 quokkas
  A frilled lizard (D:1)
  7 kobolds
  2 rats
110 creatures vanquished.

Notes
Turn   | Place    | Note
-------+----------+-------------------------------------------
     0 | D:1      | Maratek the Gnoll Hunter began the quest for the Orb.
     0 | D:1      | Reached XP level 1. HP: 20/20 MP: 1/1
    31 | D:1      | Reached XP level 2. HP: 24/26 MP: 2/2
   526 | D:1      | Reached XP level 3. HP: 31/31 MP: 3/3
   834 | D:2      | Reached skill level 1 in Invocations
   920 | D:2      | Found a faded altar of an unknown god.
   995 | D:2      | Reached skill level 1 in Short Blades
   995 | D:2      | Reached skill level 1 in Long Blades
   995 | D:2      | Reached skill level 1 in Axes
   995 | D:2      | Reached skill level 1 in Maces & Flails
   995 | D:2      | Reached skill level 1 in Polearms
   995 | D:2      | Reached skill level 1 in Staves
   995 | D:2      | Reached skill level 1 in Throwing
   995 | D:2      | Reached skill level 1 in Armour
   995 | D:2      | Reached skill level 1 in Shields
   995 | D:2      | Reached skill level 1 in Unarmed Combat
   995 | D:2      | Reached skill level 1 in Spellcasting
   995 | D:2      | Reached skill level 1 in Evocations
  1507 | D:3      | Reached skill level 1 in Shapeshifting
  1507 | D:3      | Reached XP level 4. HP: 38/38 MP: 5/5
  1530 | D:3      | Reached skill level 1 in Conjurations
  1530 | D:3      | Reached skill level 1 in Hexes
  1530 | D:3      | Reached skill level 1 in Summonings
  1530 | D:3      | Reached skill level 1 in Necromancy
  1530 | D:3      | Reached skill level 1 in Translocations
  1530 | D:3      | Reached skill level 1 in Transmutations
  1530 | D:3      | Reached skill level 1 in Fire Magic
  1530 | D:3      | Reached skill level 1 in Ice Magic
  1530 | D:3      | Reached skill level 1 in Air Magic
  1530 | D:3      | Reached skill level 1 in Earth Magic
  1530 | D:3      | Reached skill level 1 in Poison Magic
  1759 | D:3      | Reached XP level 5. HP: 43/43 MP: 6/6
  2124 | D:4      | HP: 2/43 [poisoned by an orc wizard]
  2395 | D:4      | Found Haerued's Assorted Antiques.
  2409 | D:4      | Noticed an ogre
  2417 | D:4      | Killed an ogre
  2418 | D:4      | Reached XP level 6. HP: 35/50 MP: 8/8
  2633 | D:4      | Reached skill level 5 in Fighting
  2633 | D:4      | Reached skill level 5 in Dodging
  3123 | D:5      | Entered Level 5 of the Dungeon
  3140 | D:5      | Reached XP level 7. HP: 56/56 MP: 10/10
  3399 | D:5      | Reached skill level 9 in Ranged Weapons
  3583 | D:5      | Reached XP level 8. HP: 20/63 MP: 12/12
  3653 | D:5      | HP: 2/63 [water moccasin (5)]
  3654 | D:5      | Succumbed to a water moccasin's poison

Illustrated notes

Levels and vault maps discovered:
D:1:      sevenhm_arrival_forest_fort_small_4, layout_basic, solitary_fountain
D:2:      layout_basic, basic_ecumenical_altar
D:3:      layout_loops_ring
D:4:      layout_gridville, serial_shops, shop, minivault_11, grunt_ministairs_2
D:5:      layout_loops_ring, gammafunk_temple_overflow_wave, chequers_garden

Skill      XL: |  1  2  3  4  5  6  7  8 |
---------------+-------------------------+-----
Invocations    | 1 2 3 |  3.2
Short Blades   | 1 2 3 |  3.0
Long Blades    | 1 2 3 |  3.0
Axes           | 1 2 3 |  3.0
Maces & Flails | 1 2 3 |  3.0
Polearms       | 1 2 3 |  3.0
Staves         | 1 2 3 |  3.0
Throwing       | 1 2 3 |  3.0
Armour         | 1 2 3 |  3.0
Shields        | 1 2 3 |  3.0
Unarmed Combat | 1 2 3 |  3.0
Spellcasting   | 1 2 3 |  3.0
Evocations     | 1 2 3 |  3.0
Shapeshifting  | 1 2 |  2.6
Conjurations   | 1 2 |  2.4
Hexes          | 1 2 |  2.4
Summonings     | 1 2 |  2.4
Necromancy     | 1 2 |  2.4
Translocations | 1 2 |  2.4
Transmutations | 1 2 |  2.4
Fire Magic     | 1 2 |  2.4
Ice Magic      | 1 2 |  2.4
Air Magic      | 1 2 |  2.4
Earth Magic    | 1 2 |  2.4
Poison Magic   | 1 2 |  2.4
Stealth        | 3 |  3.8
Fighting       | 5 |  5.5
Dodging        | 5 |  5.5
Ranged Weapons | 9 |  9.1

Action                     |  1- 3 |  4- 6 |  7- 9 || total
---------------------------+-------+-------+-------++-------
   Fire: Shortbow          |   112 |   171 |    71 ||   354
    Use: Scroll            |       |     5 |       ||     5
 Armour: Leather armour    |     5 |    34 |    18 ||    57
  Dodge: Dodged            |    23 |    50 |    33 ||   106

Table legend: (Time is in decaauts)
 A = Elapsed time spent in this place.
 B = Non-inter-level travel time spent in this place.
 C = Inter-level travel time spent in this place.
 D = Time resting spent in this place.
 E = Time spent auto-exploring this place.
 F = Levels seen in this place.
 G = Mean time per level.
                   A        B        C        D        E       F      G
               +--------+--------+--------+--------+--------+-----+--------+
         Total |   3695 |   3394 |    301 |    250 |   2593 |   5 |  739.0 |
       Dungeon |   3695 |   3394 |    301 |    250 |   2593 |   5 |  739.0 |
               +--------+--------+--------+--------+--------+-----+--------+

Top non-repeatable levels by time:
     D:4: 1072 daAuts
     D:2: 766 daAuts
     D:3: 683 daAuts
     D:1: 607 daAuts
     D:5: 565 daAuts
